Map: Prion Terraces

Players

Creature

  • Race: Protoss Protoss
  • League: Grandmaster

Rainman - Winner!

  • Race: Protoss Protoss
  • League: Grandmaster

VOD

Have the link to the VOD?

Description

Time

  • Played on: March 6, 2016, 9:10 p.m.
  • Length: 5:08
Show
View Real Time Build Order
Export as new Build Order

Creature Protoss 

Build Orders: 1 Gate Expand 

Get SALT Encoding   

  12  0:00  Probe (Chrono Boost)  
  13  0:11  Probe (Chrono Boost)  
  14  0:17  Pylon  
  14  0:22  Probe (Chrono Boost)  
  15  0:35  Probe (Chrono Boost)  
  16  0:36  Gateway  
  16  0:46  Probe (Chrono Boost)  
  16  0:48  Assimilator  
  17  0:56  Probe (Chrono Boost)  
  18  1:07  Probe (Chrono Boost)  
  19  1:19  Nexus  
  19  1:23  Probe (Chrono Boost)  
  20  1:33  Cybernetics Core  
  20  1:42  Pylon  
  20  1:45  Assimilator, Zealot (Chrono Boost), Probe (Chrono Boost)  
  23  2:00  Probe (Chrono Boost)  
  24  2:06  Gateway  
  24  2:07  Gateway  
  24  2:13  Mothership Core (Chrono Boost)  
  26  2:18  Zealot  
  28  2:32  Probe (Chrono Boost)  
  27  2:45  Pylon  
  27  3:03  Probe (Chrono Boost)  
  27  3:05  Stalker (Chrono Boost)  
  30  3:07  Stalker (Chrono Boost)  
  29  3:29  Probe  
  30  3:45  Stalker x2 (Chrono Boost)  
  30  3:51  Pylon  
  30  4:02  Probe  
  31  4:12  Stalker (Chrono Boost)  
  26  4:29  Stalker (Chrono Boost)  
Show
View Real Time Build Order
Export as new Build Order

Rainman Protoss - Winner!

Build Orders:  

Get SALT Encoding   

  12  0:00  Probe (Chrono Boost)  
  13  0:11  Probe (Chrono Boost)  
  14  0:19  Pylon  
  14  0:22  Probe (Chrono Boost)  
  15  0:34  Pylon  
  15  0:38  Probe (Chrono Boost)  
  17  0:54  Gateway  
  17  0:56  Gateway  
  16  1:06  Gateway  
  16  1:10  Probe (Chrono Boost)  
  17  1:17  Assimilator  
  17  1:21  Probe (Chrono Boost)  
  18  1:31  Probe (Chrono Boost)  
  19  1:41  Cybernetics Core  
  19  1:42  Zealot (Chrono Boost)  
  23  1:49  Zealot (Chrono Boost)  
  25  1:57  Zealot (Chrono Boost)  
  25  2:06  Pylon  
  25  2:08  Zealot (Chrono Boost)  
  27  2:17  Stalker (Chrono Boost)  
  31  2:31  Stalker (Chrono Boost)  
  31  2:47  Stalker (Chrono Boost)  
  31  2:51  Assimilator, Zealot (Chrono Boost)  
  33  2:55  Pylon  
  33  3:04  Stalker (Chrono Boost)  
  29  3:27  Stalker (Chrono Boost)  
  29  3:29  Probe  
  29  3:30  Zealot (Chrono Boost)  
  34  3:34  Zealot (Chrono Boost)  
  32  3:54  Stalker (Chrono Boost)  
  36  3:57  Stalker (Chrono Boost)  
  38  4:03  Stalker (Chrono Boost)  
  38  4:20  Stalker (Chrono Boost)  
  40  4:27  Stalker (Chrono Boost)  
  38  4:33  Stalker (Chrono Boost)  
Tags
 
Add a new tag
Caveats
  • Supply blocks, unpowered buildings, or Contaminate may cause inaccurate times.
  • Supply counts are checked every 10 seconds.